 Dungeon Crawl Stone Soup version 0.29-a0-384-g6960b1960d (console) character file.

Game seed: 18013185156911575185

18 jejorda2 the Slasher (level 2, -1/23 HPs)
             Began as a Merfolk Gladiator on May 7, 2022.
             Slain by a kobold
             ... wielding a +0 club
              (4 damage)
             ... on level 1 of the Dungeon.
             The game lasted 00:02:15 (649 turns).

jejorda2 the Slasher (Merfolk Gladiator)             Turns: 649, Time: 00:02:16

Health: -1/23      AC:  4    Str: 14    XL:     2   Next: 70%
Magic:  2/2        EV: 13    Int:  7    God:
Gold:   60         SH:  0    Dex: 15    Spells: 1/1 levels left

rFire   . . .      SeeInvis .   a - +0 long sword
rCold   . . .      Faith    .   (no shield)
rNeg    . . .      Spirit   .   b - +0 leather armour
rPois   .          Reflect  .   c - +0 helmet
rElec   .          Harm     .   (no cloak)
rCorr   .          Rampage  .   (no gloves)
Will    .....                   (no boots)
Stlth   +.........              (no amulet)
HPRegen 0.07/turn               (no ring)
MPRegen 0.08/turn               (no ring)

@: no status effects
A: (nimble swimmer 2), mertail
a: no special abilities


You were on level 1 of the Dungeon.
You visited 1 branch of the dungeon, and saw 1 of its levels.

You collected 60 gold pieces.

Inventory:

Hand Weapons
 a - a +0 long sword (weapon)
 g - a +0 dagger
Missiles
 d - a throwing net (quivered)
 e - a javelin
Armour
 b - a +0 leather armour (worn)
 c - a +0 helmet (worn)
Scrolls
 f - a scroll of identify {unknown}
 h - a scroll of noise {unknown}


   Skills:
 + Level 2.5 Fighting
 * Level 4.2 Long Blades
 - Level 2.0 Throwing
 + Level 0.5 Armour
 - Level 4.0 Dodging


You had one spell level left.
You didn't know any spells.
Your spell library was empty.

Dungeon Overview and Level Annotations

Branches:
Dungeon (1/15)

Altars:


Innate Abilities, Weirdness & Mutations

((You are very nimble when in or above water. (Stealth+, EV+, Speed+++)))
Your lower body shifts to a powerful aquatic tail in water.


Message History

Found 2 curare-tipped darts.
The hobgoblin attacks as you move away! The hobgoblin barely misses you.
Found 21 stones.
The hobgoblin closely misses you.
You see here 2 curare-tipped darts.
i - 2 curare-tipped darts The hobgoblin hits you.
* * * LOW HITPOINT WARNING * * *
The hobgoblin attacks as you move away! The hobgoblin hits you.
* * * LOW HITPOINT WARNING * * *
Throw: 2 darts (curare)
Press: ? - help, Q - select action, (/) - cycle Shift-Dir - straight line, f - hobgoblin
Aim: a hobgoblin (60% to hit)
You throw a curare-tipped dart.
The curare-tipped dart hits the hobgoblin.
The hobgoblin is poisoned.
The hobgoblin convulses.
You kill the hobgoblin!
Throw: dart (curare)
Press: ? - help, Q - select action, (/) - cycle Shift-Dir - straight line, f - kobold
Aim: a kobold, wielding a +0 dagger (53% to hit)
You throw a curare-tipped dart. The curare-tipped dart hits the kobold.
The kobold is poisoned.
The kobold convulses.
You kill the kobold!
Throw: 3 throwing nets
Press: ? - help, Q - select action, (/) - cycle Shift-Dir - straight line, f - kobold
Aim: a kobold, wielding a +0 whip (53% to hit)
You throw a throwing net.
The throwing net barely misses the kobold.
Unknown command.
Throw: 2 throwing nets
Press: ? - help, Q - select action, (/) - cycle Shift-Dir - straight line, f - kobold, p - kobold
Aim: a kobold, wielding a +0 club and quivering stones (53% to hit)
You throw a throwing net. The throwing net hits the kobold.
The kobold is caught in the net!
Unknown command.
You hit the kobold.
You kill the kobold!
The kobold hits you with a +0 club.
You die...

...# #..##....# #K# .#'###
###'##.....## #..
.#.#.#♣♣♣♣♣#.#.#.......##########
##.............#.................
.#..♣..♣.♣..♣..#.......###..#####
##≈#♣♣..≈[.♣♣#†##...KK..K...#
##≈#P♣.≈≈≈.♣P#≈###...#####.##
##≈#<..≈8≈..>#≈####.## #.#
#≈#P♣.≈≈≈.♣P#≈#@K((# #)#
#≈#♣♣..≈..♣♣#≈###### ..#
#..♣..♣.♣..♣..# K##
#.............# #.#.#♣♣♣♣♣#.#.#
##'### ##+# ...# #.## #.#


You could see a kobold.

Vanquished Creatures
  2 bats (D:1)
  A giant cockroach (D:1)
  2 goblins (D:1)
  4 hobgoblins (D:1)
  A jackal (D:1)
  2 quokkas (D:1)
  3 kobolds (D:1)
  A rat (D:1)
16 creatures vanquished.

Notes
Turn   | Place    | Note
-------+----------+-------------------------------------------
     0 | D:1      | jejorda2 the Merfolk Gladiator began the quest for the Orb.
     0 | D:1      | Reached XP level 1. HP: 16/16 MP: 1/1
   180 | D:1      | Reached XP level 2. HP: 10/23 MP: 2/2
   649 | D:1      | Slain by a kobold

Illustrated notes

Levels and vault maps discovered:
D:1:      tarquinn_simple_flora_water_b, layout_loops_ring, serial_bayou_pond_d,
          minmay_bisected

Skill      XL: |  1  2 |
---------------+-------+-----
Long Blades    | 4 |  4.2
Fighting       | |  2.5
Throwing       | |  2.0
Armour         | |  0.5
Dodging        | |  4.0

Action                   || total
-------------------------++-------
Melee: Long sword        ||    34
Throw: Dart              ||     2
       Throwing net      ||     2
Armor: Leather armour    ||    14
Dodge: Dodged            ||    41

Table legend: (Time is in decaauts)
 A = Elapsed time spent in this place.
 B = Non-inter-level travel time spent in this place.
 C = Inter-level travel time spent in this place.
 D = Time resting spent in this place.
 E = Time spent auto-exploring this place.
 F = Levels seen in this place.
 G = Mean time per level.
                   A        B        C        D        E       F      G
               +--------+--------+--------+--------+--------+-----+--------+
         Total |    652 |    651 |      1 |    141 |    306 |   1 |  652.0 |
       Dungeon |    652 |    651 |      1 |    141 |    306 |   1 |  652.0 |
               +--------+--------+--------+--------+--------+-----+--------+

Top non-repeatable levels by time:
     D:1: 652 daAuts
